 Dungeon Crawl Stone Soup version 0.30-a0-719-gcc4359ea44 (webtiles) character file.

Game seed: 928344653696919542

24 sokol815 the Chopper (level 2, -6/39 HPs)
             Began as a Minotaur Berserker on Jan 27, 2023.
             Was a Believer of Trog.
             Succumbed to a kobold's poison
             ... on level 1 of the Dungeon.
             The game lasted 00:00:51 (348 turns).

sokol815 the Chopper (Minotaur Berserker)            Turns: 348, Time: 00:00:52

Health: -6/39      AC: 21    Str: 21    XL:     2   Next: 79%
Magic:  1/1        EV:  2    Int:  4    God:    Trog [**....]
Gold:   57         SH:  0    Dex:  9    Spells: 1/1 levels left

rFire   . . .      SeeInvis .    a - +0 hand axe
rCold   . . .      Faith    .    (no shield)
rNeg    . . .      Spirit   .    (body armour currently unavailable)
rPois   +          Reflect  .    (helmet currently unavailable)
rElec   .          Harm     .    (cloak currently unavailable)
rCorr   .          Rampage  .    (gloves currently unavailable)
Will    .....      NoTele   +    (boots currently unavailable)
Stlth   +                        (no amulet)
HPRegen 0.26/turn                (no ring)
MPRegen 0.07/turn                (no ring)

@: lethally poisoned (-6 -> -40), tree-form
A: stationary, stasis, torment immunity, boosted hp, (horns 2), (retaliatory
headbutt)
a: Renounce Religion, Berserk, Trog's Hand


You were on level 1 of the Dungeon.
You worshipped Trog.
Trog was pleased with you.
You were a tree.
You visited 1 branch of the dungeon, and saw 1 of its levels.

You collected 57 gold pieces.

Inventory:

Hand Weapons
 a - a +0 hand axe (weapon)
 c - a +0 dagger of venom
   (You took it off a kobold on level 1 of the Dungeon)
Armour
 b - a +0 animal skin (melded)
 e - a scarf of repulsion (melded)
   (You found it on level 1 of the Dungeon)
Scrolls
 d - a scroll of identify {unknown}


   Skills:
 - Level 3.6 Fighting
 + Level 5.0 Axes
 - Level 2.4 Armour
 - Level 2.1 Dodging


You had one spell level left.
You didn't know any spells.
Your spell library was empty.

Dungeon Overview and Level Annotations

Branches:
Dungeon (1/15) Zot: 5648

Altars:


Innate Abilities, Weirdness & Mutations

You are a tree.
Your roots penetrate the ground, keeping you stationary.
You cannot be teleported.
You are immune to unholy pain and torment.
Your maximum health is greatly increased.
Your equipment is partially melded.
((You have a pair of horns on your head.))
((You reflexively headbutt those who attack you in melee.))


Message History

The giant cockroach bites you.
You take 2 damage, and have 22/26 hp.
A giant cockroach is nearby!
You closely miss the giant cockroach.
The giant cockroach completely misses you.
A giant cockroach is nearby!
You hit the giant cockroach. The giant cockroach bites you.
You take 1 damage, and have 22/26 hp.
A giant cockroach is nearby!
You closely miss the giant cockroach. The giant cockroach barely misses you.
You furiously retaliate!
You headbutt the giant cockroach.
You kill the giant cockroach!
Trog accepts your kill.
You now have 57 gold pieces (gained 10).
Found an escape hatch in the floor.
You see here a giant cockroach corpse.
Health restored: 26 No target in view!
s - 5 stones (quivered)
f - a fuming clear potion No target in view!
You see here a ball python skeleton.
You see here a +0 leather armour.
A quokka comes into view.
You throw a stone. The stone hits the quokka.
A quokka is nearby!
You throw a stone. The stone hits the quokka.
A quokka is nearby!
You closely miss the quokka. The quokka barely misses you. x2
A quokka is nearby!
You barely miss the quokka.
The quokka bites you but does no damage.
You hit the quokka.
You kill the quokka!
Trog accepts your kill.
No target in view!
Search for what [? for help]? armour An endoplasm and a kobold come into view.
The kobold is wielding a +2 dagger of venom.
The kobold shouts!
A ball python comes into view.
There are no items here.
You throw a stone. The endoplasm quivers.
The ball python hisses angrily.
The stone hits the endoplasm but does no damage.
You throw a stone.
The stone hits the endoplasm but does no damage.
You slash the endoplasm!
You kill the endoplasm!
Trog accepts your kill.
You throw a stone. The stone completely misses the kobold.
The kobold hits you with a +2 dagger of venom.
You are poisoned.
You take 4 damage, and have 22/26 hp.
You closely miss the kobold. Your headbutt misses the kobold.
You hit the ball python.
You feel sick.
The kobold hits you with a +2 dagger of venom.
You are more poisoned.
The ball python barely misses you. The ball python grabs you.
The ball python constricts you.
You take 5 damage, and have 17/26 hp.
It was a potion of lignification.
You turn into a tree.
Your scarf of repulsion melds into your body.
Your +0 animal skin melds into your body.
The haze of the repulsion field disappears.
Your roots penetrate the ground.
You feel very sick. The kobold hits you but does no damage.
You are lethally poisoned!
The ball python bites you but does no damage.
The ball python constricts you.
You now have 23/39 hp.
You closely miss the kobold. You hit the ball python.
You kill the ball python!
Trog accepts your kill.
You can now call upon Trog for regeneration and willpower.
You feel very sick. The kobold hits you but does no damage.
You are more poisoned.
Your Axes skill increases to level 5!
You take 6 damage, and have 17/39 hp.
You barely miss the kobold.
* * * LOW HITPOINT WARNING * * *
You feel extremely sick. The kobold hits you but does no damage.
You are more poisoned.
You take 7 damage, and have 10/39 hp.
You closely miss the kobold.
* * * LOW HITPOINT WARNING * * *
You feel extremely sick.
The kobold hits you with a +2 dagger of venom.
* * * LOW HITPOINT WARNING * * *
You are more poisoned.
You take 9 damage, and have 1/39 hp.
MASSIVE DAMAGE!!
You aren't carrying any potions.
You hit the kobold but do no damage.
You die...

#.#.###.##..# #.#.#
#.##...
##...###.###..
#######........###..
..........######....
######...### ####.
.......## ##...
.#.#############..#.
#K♣.........[...##.
#.....#############..
..........# #..
...##....... #.# ..
#####.... .. . ##....
#.# #... ###


You could see a kobold.

Vanquished Creatures
  4 endoplasms (D:1)
  2 giant cockroaches (D:1)
  A goblin (D:1)
  A hobgoblin (D:1)
  3 jackals (D:1)
  A kobold (D:1)
  A quokka (D:1)
  3 ball pythons (D:1)
  2 bats (D:1)
  3 frilled lizards (D:1)
21 creatures vanquished.

Notes
Turn   | Place    | Note
-------+----------+-------------------------------------------
     0 | D:1      | sokol815 the Minotaur Berserker began the quest for the
                  | Orb.
     0 | D:1      | Reached XP level 1. HP: 19/19 MP: 0/0
    60 | D:1      | Reached skill level 4 in Axes
    77 | D:1      | Reached XP level 2. HP: 20/26 MP: 1/1
   345 | D:1      | Reached ** piety under Trog
   346 | D:1      | Reached skill level 5 in Axes
   347 | D:1      | HP: 3/39 [poisoned by a kobold]
   347 | D:1      | HP: 1/39 [kobold/+2 dagger of venom (2)]
   348 | D:1      | Succumbed to a kobold's poison

Illustrated notes

Levels and vault maps discovered:
D:1:      saegor_arrival_simple_a, layout_rooms

Skill      XL: |  1  2 |
---------------+-------+-----
Axes           | 4 5 |  5.0
Fighting       | |  3.6
Armour         | |  2.4
Dodging        | |  2.1

Action                     || total
---------------------------++-------
  Melee: Hand axe          ||    44
         Headbutt          ||     5
  Throw: Stone             ||     5
    Use: Potion            ||     1
 Armour: Animal skin       ||     7
         Skin              ||     4
  Dodge: Dodged            ||    38

Table legend: (Time is in decaauts)
 A = Elapsed time spent in this place.
 B = Non-inter-level travel time spent in this place.
 C = Inter-level travel time spent in this place.
 D = Time resting spent in this place.
 E = Time spent auto-exploring this place.
 F = Levels seen in this place.
 G = Mean time per level.
                   A        B        C        D        E       F      G
               +--------+--------+--------+--------+--------+-----+--------+
         Total |    351 |    350 |      1 |      0 |    253 |   1 |  351.0 |
       Dungeon |    351 |    350 |      1 |      0 |    253 |   1 |  351.0 |
               +--------+--------+--------+--------+--------+-----+--------+

Top non-repeatable levels by time:
     D:1: 351 daAuts

Table legend:
 A = Kills in this place as a percentage of kills in entire the game.
 B = Kills by you in this place as a percentage of kills by you in the entire game.
 C = Kills by friends in this place as a percentage of kills by friends in the entire game.
 D = Other kills in this place as a percentage of other kills in the entire game.
 E = Experience gained in this place as a percentage of experience gained in the entire game.
 F = Experience gained in this place divided by the number of levels of this place that you have seen.
                   A       B       C       D       E      F
               +-------+-------+-------+-------+-------+----------------------
         Total | 100.0 | 100.0 |   N/A |   N/A | 100.0 |  35.0
       Dungeon | 100.0 | 100.0 |   N/A |   N/A | 100.0 |  35.0
               +-------+-------+-------+-------+-------+----------------------
